 Dungeon Crawl Stone Soup version 0.29.1-1-gd02db6906a (webtiles) character file.

Game seed: 10991687506648107025

443 gzilladon the Chopper (level 7, -7/60 HPs)
             Began as a Hill Orc Monk on Sept 26, 2022.
             Was a Priest of Beogh.
             Mangled by an ogre
             ... wielding a +0 giant spiked club
              (31 damage)
             ... on level 5 of the Dungeon.
             The game lasted 00:26:22 (6923 turns).

gzilladon the Chopper (Hill Orc Monk)               Turns: 6923, Time: 00:26:22

Health: -7/60      AC:  8    Str: 16    XL:     7   Next: 2%
Magic:  8/8        EV: 11    Int: 10    God:    Beogh [***...]
Gold:   178        SH:  5    Dex: 13    Spells: 6/6 levels left

rFire   + . .      SeeInvis +   a - +0 hand axe
rCold   x . .      Faith    .   (no shield)
rNeg    . . .      Spirit   .   j - +1 ring mail "Voujuym" {Fly rPois Slay-3 SInv}
rPois   +          Reflect  +   k - +0 helmet
rElec   .          Harm     .   (no cloak)
rCorr   +          Rampage  .   h - +0 pair of gloves
Will    .....                   (no boots)
Stlth   +.........              o - amulet of reflection
HPRegen 0.20/turn               l - ring of fire
MPRegen 0.11/turn               g - ring of resist corrosion

@: flying
A: no striking features
a: Renounce Religion, Smiting


You were on level 5 of the Dungeon.
You worshipped Beogh.
Beogh was most pleased with you.
You visited 1 branch of the dungeon, and saw 5 of its levels.

You collected 178 gold pieces.

Inventory:

Hand Weapons
 a - a +0 hand axe (weapon)
Missiles
 f - 55 stones (quivered)
 w - 5 large rocks
 B - a throwing net
 C - 5 boomerangs
Armour
 b - a +0 robe
 d - a +0 leather armour
 h - a +0 pair of gloves (worn)
 i - a +0 ring mail
 j - the +1 ring mail "Voujuym" (worn) {Fly rPois Slay-3 SInv}
   (You found it on level 4 of the Dungeon)

   Slay:      It affects your accuracy & damage with ranged weapons and melee
   (-3).
   rPois:     It protects you from poison.
   SInv:      It lets you see invisible.
   Fly:       It grants you flight.
 k - a +0 helmet (worn)
 q - a +0 plate armour
Jewellery
 g - a ring of resist corrosion (right hand)
 l - a ring of fire (left hand)
 o - an amulet of reflection (around neck)
 r - an amulet of reflection
Scrolls
 c - 5 scrolls of identify
 s - 3 scrolls of poison
 t - a scroll of summoning {unknown}
 u - a scroll of noise
 v - a scroll of brand weapon {unknown}
 y - 2 scrolls of blinking
 A - a scroll of silence {unknown}
Potions
 e - a potion of degeneration
 m - a potion of curing {unknown}
 n - a potion of flight {unknown}
 p - a potion of mutation {unknown}
 x - a potion of cancellation {unknown}


   Skills:
 + Level 4.7 Fighting
 + Level 6.7 Axes
 + Level 3.1 Armour
 + Level 3.2 Dodging
 - Level 1.7 Stealth
 + Level 1.8 Shields
 * Level 2.6 Invocations


You had 6 spell levels left.
You didn't know any spells.
Your spell library contained the following spells:

 Spells                   Type           Power      Damage    Failure   Level
 Magic Dart               Conj           0%         1d3       56%         1
 Necrotise                Necr           0%         1d4       56%         1
 Blink                    Tloc           0%         N/A       71%         2
 Searing Ray              Conj           0%         2d4       71%         2
 Vampiric Draining        Necr           0%         2d6       91%         3
 Fulminant Prism          Conj/Hex       0%         3d6       100%        4
 Hailstorm                Conj/Ice       0%         3d3       100%        4
 Ice Form                 Ice/Tmut       0%         N/A       100%        4
 Iskenderun's Mystic Bla  Conj/Tloc      0%         2d3       100%        4
 Olgreb's Toxic Radiance  Pois           0%         N/A       100%        4
 Agony                    Necr           0%         N/A       100%        5
 Lee's Rapid Deconstruct  Erth           0%         3d5*      100%        5
 Manifold Assault         Tloc           0%         N/A       100%        5
 Simulacrum               Ice/Necr       0%         N/A       100%        6
 Ozocubu's Refrigeration  Ice            0%         4d7       100%        7
 Storm Form               Tmut/Air       0%         N/A       100%        7
 Ignition                 Fire           0%         3d3       100%        8


Dungeon Overview and Level Annotations

Branches:
Dungeon (5/15)
 Temple: D:4-7

Altars:
Cheibriados

Annotations:
D:3 1 runed translucent door, Natasha; RogueRain17's ghost, amateur DsGl


Message History

C - 5 boomerangs
Okay, then.
c - 5 scrolls of identify (gained 2)
You now have 178 gold pieces (gained 16).
You swap places.
An ogre comes into view. It is wielding a +0 giant spiked club.
The ogre shouts!
You hear a shout!
A centaur comes into view.
The centaur shouts!
The centaur wields a +0 shortbow.
The centaur shoots an arrow.
The arrow closely misses you.
The centaur shoots an arrow.
You reflect the arrow off an invisible shield around you!
The arrow barely misses the centaur.
Your orc hits the ogre with a +0 club.
The centaur shoots an arrow.
The arrow hits you!
You barely miss the ogre.
The ogre is lightly wounded.
The centaur shoots an arrow.
The arrow hits you! The ogre barely misses you.
You slash the ogre!
The ogre is heavily wounded.
The centaur shoots an arrow.
The arrow hits you.
Your orc hits the ogre with a +0 club.
The centaur shoots an arrow.
The arrow hits you! The ogre closely misses your orc.
You hit the ogre.
The ogre is almost dead.
Your orc barely misses the ogre.
The centaur shoots an arrow.
You reflect the arrow off an invisible shield around you!
The arrow hits the centaur!
You hit the ogre but do no damage.
The ogre is almost dead.
The centaur shoots an arrow.
The arrow misses you.
Your orc barely misses the ogre.
The ogre hits you with a +0 giant spiked club!!
* * * LOW HITPOINT WARNING * * *
The centaur shoots an arrow.
The arrow completely misses you.
You feel much better.
Your orc hits the ogre with a +0 club.
The centaur shoots an arrow.
The arrow barely misses you.
The ogre hits you with a +0 giant spiked club!!
Ouch! That really hurt!
You die...

# ####....#..##
#####...>.......###
.##...............###
....##..............#
..###...............##
.## #................#
.#
#................#.#
##
#................###
#............@...#
#............Oo.##
................#
..........#
....c....## ........##
##.....## ####.#


You could see an ogre (ally target), a centaur and a friendly orc.

Vanquished Creatures
  2 necrophages (D:5)
  3 hounds (D:5)
  A jelly (D:5)
  An iguana (D:5)
  4 gnolls
  5 adders
  A worm (D:2)
  5 dart slugs
  4 orcs
  7 ball pythons
  8 endoplasms
  2 giant cockroaches
  5 hobgoblins
  5 jackals
  5 kobolds
  4 quokkas
  7 bats
  A frilled lizard (D:3)
  8 goblins
  4 rats
82 creatures vanquished.

Notes
Turn   | Place    | Note
-------+----------+-------------------------------------------
     0 | D:1      | gzilladon the Hill Orc Monk began the quest for the Orb.
     0 | D:1      | Reached XP level 1. HP: 19/19 MP: 1/1
   433 | D:3      | Reached XP level 2. HP: 21/27 MP: 2/2
   460 | D:3      | Became a worshipper of Beogh the Brigand
   460 | D:3      | Reached * piety under Beogh
   460 | D:3      | Reached ** piety under Beogh
   740 | D:1      | Reached XP level 3. HP: 33/33 MP: 3/3
   891 | D:1      | Found a faded altar of an unknown god.
  2165 | D:2      | Reached XP level 4. HP: 19/40 MP: 4/4
  2316 | D:2      | Reached skill level 5 in Axes
  2409 | D:2      | Reached skill level 1 in Armour
  2732 | D:3      | Noticed Natasha
  3195 | D:3      | Found a runed translucent door.
  3195 | D:3      | Noticed RogueRain17's ghost (amateur DsGl)
  3783 | D:3      | HP: 2/40 [white imp/puff of frost[Natasha] (6)]
  4370 | D:4      | Identified the +1 ring mail "Voujuym" {Fly rPois Slay-3
                  | SInv}
  4532 | D:4      | Reached *** piety under Beogh
  4710 | D:4      | Reached XP level 5. HP: 18/47 MP: 5/5
  4739 | D:5      | Entered Level 5 of the Dungeon
  4765 | D:5      | Reached skill level 1 in Shields
  4765 | D:5      | Reached skill level 1 in Invocations
  5062 | D:5      | Reached skill level 6 in Axes
  5062 | D:5      | Reached XP level 6. HP: 28/53 MP: 5/7
  5287 | D:5      | Found a snail-covered altar of Cheibriados.
  5287 | D:5      | Noticed an ice beast
  5757 | D:4      | Noticed a black bear
  6169 | D:5      | Reached XP level 7. HP: 37/60 MP: 8/8
  6923 | D:5      | Mangled by an ogre

Illustrated notes

Levels and vault maps discovered:
D:1:      roderic_octagonal_star, layout_basic,
          hellmonk_ecumenical_altar_crossroads
D:2:      layout_loops_ring, corner_web_ring, minivault_19
D:3:      layout_loops_ring, gammafunk_ghost_grave, grunt_ministairs_13,
          uniq_crazy_yiuf_cottage, uniq_natasha
D:4:      layout_basic, kennysheep_okawaru_gauntlet,
          kennysheep_decorative_pillar, grunt_ministairs_2,
          minmay_pentomino_pile
D:5:      layout_cave_pods, cheibriados_altar_2

Skill      XL: |  1  2  3  4  5  6 |
---------------+-------------------+-----
Fighting       | 4 |  4.7
Axes           | 5 6 |  6.7
Armour         | 1 2 3 |  3.1
Dodging        | 3 |  3.2
Shields        | 1 |  1.8
Invocations    | 1 2 |  2.6
Stealth        | |  1.7

Action                   |  1- 3 |  4- 6 |  7- 9 || total
-------------------------+-------+-------+-------++-------
Melee: Hand axe          |   134 |   277 |    17 ||   428
       Punch             |     6 |     2 |     1 ||     9
Invok: Convert to Beogh  |     1 |       |       ||     1
  Use: Scroll            |       |     4 |       ||     4
       Potion            |       |     3 |     1 ||     4
 Stab: Sleeping          |     1 |       |       ||     1
Armor: Ring mail         |    77 |    71 |     5 ||   153
       Leather armour    |     4 |       |       ||     4
       Plate armour      |       |    19 |       ||    19
Dodge: Dodged            |    94 |   129 |     9 ||   232
Block: Other             |    17 |    66 |     3 ||    86
       Reflection        |       |       |     2 ||     2
